 Dungeon Crawl Stone Soup version 0.29-a0-653-gd47aff6735 (webtiles) character file.

Game seed: 13064253317702716518

44 DocClef the Caller (level 3, -2/19 HPs)
             Began as a Tengu Summoner on June 21, 2022.
             Slain by Jessica
             ... wielding a +0 dagger
              (5 damage)
             ... on level 2 of the Dungeon.
             The game lasted 00:02:04 (2567 turns).

DocClef the Caller (Tengu Summoner)                 Turns: 2567, Time: 00:02:04

Health: -2/19      AC:  2    Str:  8    XL:     3   Next: 62%
Magic:  4/7        EV: 12    Int: 17    God:
Gold:   61         SH:  0    Dex: 14    Spells: 3/6 levels left

rFire   . . .      SeeInvis .   (no weapon)
rCold   . . .      Faith    .   (no shield)
rNeg    . . .      Spirit   .   a - +0 robe
rPois   .          Reflect  .   (helmet restricted)
rElec   .          Harm     .   (no cloak)
rCorr   .          Rampage  .   (no gloves)
Will    .....                   (boots unavailable)
Stlth   ++........              (no amulet)
HPRegen 0.06/turn               (no ring)
MPRegen 0.10/turn               (no ring)

@: no status effects
A: beak, talons 3
a: no special abilities


You were on level 2 of the Dungeon.
You visited 1 branch of the dungeon, and saw 2 of its levels.

You collected 61 gold pieces.

Inventory:

Armour
 a - a +0 robe (worn)
Scrolls
 c - a scroll of fog {unknown}
 e - a scroll of fear {unknown}
 f - 2 scrolls of enchant weapon {unknown}
 g - 3 scrolls of blinking {unknown}
 h - a scroll of identify {unknown}
 i - a scroll of teleportation {unknown}
Potions
 b - a potion of magic
 d - a potion of heal wounds


   Skills:
 - Level 2.1 Dodging
 - Level 2.0 Stealth
 - Level 2.0 Spellcasting
 + Level 6.3 Summonings


You had 3 spell levels left.
You knew the following spells:

 Your Spells              Type           Power      Damage    Failure   Level
a - Summon Small Mammal   Summ           92%        N/A       1%          1
b - Call Imp              Summ           23%        N/A       2%          2

Your spell library contained the following spells:

 Spells                   Type           Power      Damage    Failure   Level
 Call Canine Familiar     Summ           23%        N/A       4%          3
 Summon Guardian Golem    Hex/Summ       12%        N/A       16%         3
 Summon Lightning Spire   Summ/Air       12%        N/A       45%         4


Dungeon Overview and Level Annotations

Branches:
Dungeon (2/15)

Altars:

Annotations:
D:2 Jessica


Innate Abilities, Weirdness & Mutations

You have a beak for a mouth.
You have claws for feet.


Message History

Your bat disappears in a puff of smoke!
Magic restored.
You start resting.
Your crimson imp disappears in a puff of smoke!
Your bat disappears in a puff of smoke!
HP restored.
Things that are here:
an adder skeleton; a quokka skeleton
Things that are here:
a +0 club; a goblin skeleton
i - a scroll labelled KOESUC ASKUOFUA
Things that are here:
a +0 club; a goblin skeleton A rat comes into view.
A rat is nearby!
A rat is nearby!
A rat is nearby!
Jessica the Apprentice Sorceress comes into view.
She is wielding a +0 dagger.
You hit the rat. You claw the rat.
You kill the rat!
Jessica shouts!
Jessica gestures wildly while chanting.
Jessica seems to speed up.
You see here a rat corpse.
Jessica hits you with a +0 dagger.
Casting: Summon Small Mammal (safe; 1% risk of failure)
Confirm with . or Enter, or press ? or * to list all spells.
A beastly little devil appears in a puff of flame.
Jessica casts a spell at you. Pain shoots through your body!
Jessica hits you with a +0 dagger.
Casting: Call Imp (safe; 2% risk of failure)
Confirm with . or Enter, or press ? or * to list all spells.
Jessica hits you with a +0 dagger.
* * * LOW HITPOINT WARNING * * *
Jessica attacks as you move away! Jessica barely misses you.
Your crimson imp closely misses Jessica.
Jessica closely misses you.
You swap places.
Jessica attacks as you move away! Jessica hits you with a +0 dagger.
You die...

..... ..
.... #.
.... #.
#..# #.
##..# # ##.
#...# #.#..
#.5.# #>#.<
#@# #.#..
#@#
####....
#†#
#.......
###.#######
#.####.#
#..........
. #.#
#.#.#######
#.# #.#.#
#.# #.#.#
#)# #.#.##
#.# #.#..#
########.#


You could see Jessica (fast, ally target), a friendly crimson imp (summoned) and
a friendly bat (summoned).

Vanquished Creatures
  A dart slug (D:2)
  3 ball pythons (D:2)
  An endoplasm (D:1)
  A goblin (D:1)
  5 hobgoblins
  A jackal (D:1)
  A quokka (D:2)
  2 bats
  3 frilled lizards
  A kobold (D:1)
  5 rats
24 creatures vanquished.

Vanquished Creatures (collateral kills)
  An adder (D:2)
  A bat (D:2)
  2 jackals (D:1)
  A kobold (D:2)
  A quokka (D:1)
  A goblin (D:2)
  2 rats
9 creatures vanquished.

Vanquished Creatures (others)
  2 plants (D:2)
2 creatures vanquished.

Grand Total: 35 creatures vanquished

Notes
Turn   | Place    | Note
-------+----------+-------------------------------------------
     0 | D:1      | DocClef the Tengu Summoner began the quest for the Orb.
     0 | D:1      | Reached XP level 1. HP: 10/10 MP: 4/4
    77 | D:1      | Reached skill level 5 in Summonings
   323 | D:1      | Reached XP level 2. HP: 10/15 MP: 3/6
   463 | D:1      | Learned a level 2 spell: Call Imp
  1603 | D:2      | Reached XP level 3. HP: 8/19 MP: 2/7
  1850 | D:2      | Reached skill level 6 in Summonings
  2559 | D:2      | Noticed Jessica
  2567 | D:2      | Slain by Jessica

Illustrated notes

Levels and vault maps discovered:
D:1:      lightli_iron_boxes, layout_loops_corners, due_unseen_surprise
D:2:      layout_loops_ring, chequers_ecumenical_altar_lobes, uniq_jessica

Skill      XL: |  1  2  3 |
---------------+----------+-----
Summonings     | 5 6 |  6.3
Dodging        | |  2.1
Stealth        | |  2.0
Spellcasting   | |  2.0

Action                   || total
-------------------------++-------
Melee: Unarmed           ||    92
       Peck              ||    16
       Kick              ||    24
       Punch             ||     1
 Cast: Summon Small Mamm ||    19
       Call Imp          ||    12
  Use: Potion            ||     3
 Stab: Sleeping          ||     3
       Distracted        ||     1
Armor: Robe              ||    21
Dodge: Dodged            ||    64

Table legend: (Time is in decaauts)
 A = Elapsed time spent in this place.
 B = Non-inter-level travel time spent in this place.
 C = Inter-level travel time spent in this place.
 D = Time resting spent in this place.
 E = Time spent auto-exploring this place.
 F = Levels seen in this place.
 G = Mean time per level.
                   A        B        C        D        E       F      G
               +--------+--------+--------+--------+--------+-----+--------+
         Total |   2566 |   2537 |     29 |    289 |   1983 |   2 | 1283.0 |
       Dungeon |   2566 |   2537 |     29 |    289 |   1983 |   2 | 1283.0 |
               +--------+--------+--------+--------+--------+-----+--------+

Top non-repeatable levels by time:
     D:1: 1592 daAuts
     D:2: 974 daAuts
